Map: Berlingrad LE

Players

LowKey

  • Race: Protoss Protoss
  • League: Silver
  • Spawn Location: 5:00

Pumba - Winner!

  • Race: Protoss Protoss
  • League: Silver
  • Spawn Location: 11:00

VOD

Have the link to the VOD?

Description

Time

  • Played on: Jan. 25, 2022, 6:41 p.m.
  • Length: 8:06
Show
View Real Time Build Order
Export as new Build Order

LowKey Protoss 

Build Orders: Double Forge 

Get SALT Encoding   

  12  0:01  Probe  
  13  0:13  Probe  
  14  0:19  Pylon  
  14  0:25  Probe  
  15  0:37  Probe  
  15  0:40  Gateway  
  16  0:49  Probe, Assimilator  
  17  1:01  Probe  
  18  1:07  Pylon  
  18  1:10  Assimilator  
  18  1:14  Probe  
  19  1:26  Probe  
  20  1:33  Cybernetics Core  
  20  1:39  Probe  
  21  1:51  Probe  
  22  2:03  Probe  
  23  2:10  Nexus  
  23  2:15  Warp Gate (Chrono Boost), Probe  
  23  2:18  Pylon  
  24  2:27  Probe  
  25  2:30  Stalker  
  27  2:40  Probe  
  28  2:45  Robotics Facility  
  28  2:52  Probe  
  29  2:58  Gateway  
  29  3:04  Probe  
  30  3:11  Gateway  
  30  3:16  Probe  
  31  3:28  Probe x2  
  33  3:35  Observer  
  33  3:36  Stalker  
  33  3:40  Probe x2  
  38  3:48  Twilight Council  
  38  3:50  Forge  
  38  3:52  Probe x2  
  40  4:01  Forge  
  40  4:07  Observer, Probe  
  40  4:08  Probe  
  43  4:19  Robotics Bay  
  43  4:21  Probe x2  
  43  4:22  Charge (Chrono Boost)  
  45  4:28  Protoss Ground Weapons Level 1  
  45  4:33  Probe x2  
  47  4:41  Immortal  
  47  4:42  Stalker  
  53  4:50  Pylon  
  53  4:51  Assimilator  
  53  4:54  Assimilator  
  53  4:55  Probe  
  53  4:57  Protoss Ground Armor Level 1  
  53  4:58  Pylon  
  54  5:08  Probe  
  54  5:13  Gateway  
  55  5:14  Gateway  
  55  5:16  Gateway  
  55  5:23  Robotics Facility  
  55  5:24  Probe x2  
  57  5:35  Immortal  
  61  5:37  Probe  
  61  5:38  Probe  
  63  5:49  Probe  
  64  5:50  Probe  
  64  5:53  Zealot x2  
  69  6:03  Nexus  
  69  6:07  Pylon  
  69  6:08  Pylon  
  69  6:10  Pylon  
  69  6:13  Pylon  
  69  6:15  Pylon  
  69  6:17  Assimilator  
  69  6:20  Probe  
  69  6:23  Assimilator  
  69  6:25  Probe  
  71  6:29  Immortal  
  75  6:33  Probe  
  75  6:37  Probe  
  77  6:45  Probe  
  78  6:49  Probe  
  78  6:53  Colossus  
  85  6:57  Probe  
  86  7:01  Probe  
  86  7:05  Templar Archives  
  87  7:08  Zealot  
  87  7:09  Probe  
  87  7:10  Zealot  
  87  7:13  Probe  
  93  7:17  Probe  
  93  7:21  Probe  
  96  7:23  Observer  
  96  7:25  Probe  
  96  7:29  Probe  
  86  7:30  Zealot x3  
  86  7:32  Zealot  
  88  7:41  Zealot  
  88  7:42  Zealot  
  82  7:51  Zealot  
  67  7:53  Zealot  
Show
View Real Time Build Order
Export as new Build Order

Pumba Protoss - Winner!

Build Orders: 1 Gate Expand, Zealot Archon 

Get SALT Encoding   

  12  0:01  Probe  
  13  0:13  Probe  
  14  0:20  Pylon  
  14  0:25  Probe  
  15  0:38  Probe (Chrono Boost)  
  15  0:39  Gateway  
  16  0:49  Assimilator  
  17  0:50  Probe (Chrono Boost)  
  17  0:57  Probe (Chrono Boost)  
  18  1:07  Probe  
  19  1:19  Probe  
  20  1:28  Nexus  
  20  1:36  Cybernetics Core  
  20  1:38  Probe  
  21  1:49  Assimilator  
  21  1:52  Pylon  
  21  1:53  Probe  
  22  2:05  Probe  
  22  2:06  Warp Gate  
  23  2:13  Stalker (Chrono Boost)  
  25  2:19  Probe  
  26  2:32  Probe (Chrono Boost)  
  26  2:36  Stalker  
  29  2:41  Probe (Chrono Boost)  
  31  2:46  Robotics Facility  
  31  2:49  Probe (Chrono Boost)  
  31  2:50  Probe (Chrono Boost)  
  32  2:55  Probe x2  
  34  3:01  Gateway  
  34  3:05  Gateway  
  34  3:12  Pylon  
  34  3:15  Probe x2  
  36  3:23  Stalker  
  38  3:27  Probe x2  
  41  3:34  Observer (Chrono Boost)  
  41  3:39  Probe x2  
  43  3:43  Pylon  
  43  3:51  Probe  
  43  3:55  Immortal (Chrono Boost)  
  48  4:05  Stalker x3  
  48  4:09  Probe  
  56  4:10  Probe  
  56  4:14  Twilight Council  
  56  4:19  Pylon  
  56  4:21  Assimilator  
  56  4:22  Probe  
  56  4:23  Probe, Assimilator  
  58  4:35  Probe  
  59  4:43  Probe  
  60  4:47  Charge (Chrono Boost), Probe  
  61  5:04  Gateway  
  61  5:06  Gateway x2  
  61  5:07  Gateway  
  61  5:10  Gateway  
  61  5:12  Gateway  
  61  5:14  Gateway  
  61  5:24  Observer  
  61  5:26  Templar Archives  
  61  5:27  Pylon  
  61  5:30  Pylon  
  61  5:31  Immortal (Chrono Boost)  
  61  5:32  Pylon  
  61  5:35  Pylon  
  65  5:36  Zealot  
  67  5:52  Zealot  
  67  5:53  Zealot  
  71  6:00  Warp Prism (Chrono Boost)  
  73  6:05  Zealot x4  
  81  6:15  Zealot x2  
  81  6:16  Zealot  
  87  6:20  Pylon  
  87  6:22  Pylon  
  87  6:24  Pylon  
  87  6:29  Pylon  
  87  6:56  High Templar x2  
  87  6:57  High Templar x3  
  87  6:58  High Templar x3  
  103  7:01  Archon  
  103  7:02  Archon x3  
  103  7:24  Zealot x2  
  101  7:36  Zealot x5  
  101  7:37  Zealot x3  
  107  7:48  Zealot x2  
Tags
 
Add a new tag
Caveats
  • Supply blocks, unpowered buildings, or Contaminate may cause inaccurate times.
  • Supply counts are checked every 10 seconds.